Map: [ESL] Goldenaura

Players

YoungYakov - Winner!

  • Race: Zerg Zerg
  • Spawn Location: 12:00

Bly

  • Race: Zerg Zerg
  • Spawn Location: 5:00

Event: ESL SC2 Masters 2024 Spring (Regional)

VOD

Have the link to the VOD?

Description

Time

  • Played on: April 21, 2024, 10:30 a.m.
  • Length: 10:24

All games in this series

Show
View Real Time Build Order
Export as new Build Order

YoungYakov Zerg - Winner!

Build Orders: Hatch First 

Get SALT Encoding   

  12  0:00  Drone  
  13  0:12  Overlord  
  13  0:16  Drone  
  14  0:30  Drone x2  
  16  0:48  Hatchery  
  15  0:52  Drone  
  15  0:55  Drone  
  17  0:59  Drone  
  18  1:09  Extractor  
  17  1:14  Spawning Pool  
  17  1:17  Drone  
  17  1:21  Drone  
  18  1:27  Drone  
  19  1:38  Drone  
  20  2:02  Zergling x6, Queen  
  20  2:03  Queen  
  27  2:12  Zergling x2  
  27  2:27  Drone x2  
  24  2:42  Overlord  
  24  2:47  Drone  
  24  2:50  Drone  
  26  2:55  Drone  
  27  3:01  Drone x2  
  27  3:05  Drone x2  
  31  3:12  Drone x3  
  34  3:16  Overlord  
  34  3:18  Drone  
  35  3:20  Drone  
  36  3:33  Hatchery  
  35  3:38  Drone x3  
  37  3:44  Drone  
  37  3:45  Drone x2  
  40  3:50  Lair  
  40  3:54  Extractor  
  39  4:00  Drone x3, Extractor  
  41  4:04  Drone x3  
  41  4:06  Extractor  
  43  4:10  Baneling Nest  
  43  4:11  Metabolic Boost  
  43  4:15  Overlord  
  42  4:20  Zergling x4  
  42  4:23  Overlord  
  44  4:31  Overlord  
  44  4:34  Drone x4  
  48  4:39  Zergling x2  
  49  4:46  Queen  
  49  4:49  Spire  
  49  4:51  Overseer  
  50  4:55  Drone x2  
  50  4:57  Drone  
  50  4:59  Zergling x2  
  54  5:01  Zergling x2  
  54  5:03  Drone  
  54  5:05  Zergling x2  
  54  5:06  Zergling x2  
  58  5:09  Zergling x2  
  58  5:10  Zergling x2  
  58  5:12  Zergling x2  
  61  5:18  Drone x3  
  64  5:23  Overlord  
  64  5:25  Extractor  
  64  5:27  Overlord  
  63  5:29  Extractor  
  63  5:34  Overlord  
  62  5:38  Overlord  
  62  5:39  Drone x2  
  62  5:40  Drone x2  
  62  5:42  Overlord  
  66  5:45  Overlord  
  66  5:51  Drone  
  66  5:52  Drone  
  68  6:02  Zerg Flyer Armor Level 1  
  64  6:04  Zergling x2  
  64  6:05  Zergling x8  
  69  6:12  Zergling x12  
  75  6:18  Baneling  
  75  6:19  Baneling  
  75  6:21  Mutalisk x3  
  81  6:25  Mutalisk x2  
  85  6:34  Mutalisk x3  
  88  6:40  Mutalisk  
  88  6:41  Mutalisk  
  89  6:47  Mutalisk x2  
  89  6:53  Mutalisk x2  
  97  7:00  Mutalisk x2  
  101  7:05  Drone x3  
  101  7:08  Overseer  
  104  7:10  Drone x2  
  104  7:11  Drone  
  107  7:16  Mutalisk x2  
  107  7:22  Mutalisk  
  111  7:27  Mutalisk  
  113  7:30  Overlord x2  
  113  7:32  Overlord  
  113  7:36  Overlord  
  113  7:41  Overlord  
  113  7:45  Overlord  
  113  7:46  Overlord x2  
  113  7:53  Mutalisk x3  
  113  7:58  Mutalisk x2  
  119  8:01  Drone  
  119  8:02  Drone  
  119  8:04  Zerg Flyer Weapons Level 1  
  125  8:10  Zergling x8  
  129  8:16  Mutalisk x2  
  129  8:17  Evolution Chamber  
  132  8:22  Drone x3  
  132  8:23  Drone  
  136  8:31  Hatchery  
  136  8:32  Baneling  
  136  8:33  Baneling  
  135  8:41  Mutalisk x4  
  120  8:50  Zergling x12  
  120  8:54  Drone x2  
  128  9:01  Mutalisk x3  
  134  9:05  Zergling x10  
  128  9:17  Mutalisk x3  
  128  9:22  Extractor  
  128  9:24  Baneling x2  
  132  9:25  Zergling x10  
  137  9:31  Mutalisk  
  139  9:43  Extractor  
  139  9:44  Mutalisk x3  
  142  9:52  Mutalisk  
  135  9:54  Zergling x16  
  135  9:55  Zergling x6  
  141  10:08  Drone x4  
Show
View Real Time Build Order
Export as new Build Order

Bly Zerg 

Build Orders: Pool First 

Get SALT Encoding   

  12  0:17  Spawning Pool  
  11  0:22  Drone  
  11  0:26  Drone  
  13  0:31  Drone  
  14  0:40  Overlord  
  14  1:04  Zergling x4  
  16  1:05  Zergling x2  
  17  1:15  Zergling x2  
  17  1:18  Hatchery  
  17  1:26  Zergling x2  
  18  1:34  Queen  
  18  1:38  Zergling x2  
  21  1:48  Overlord  
  21  2:00  Drone  
  22  2:09  Queen  
  20  2:30  Drone  
  20  2:31  Drone x3  
  22  2:39  Queen  
  22  2:41  Drone  
  25  2:48  Drone x3  
  28  2:54  Queen  
  30  2:59  Drone  
  30  3:02  Overlord  
  31  3:08  Extractor  
  31  3:11  Drone x2  
  32  3:21  Drone x5  
  37  3:27  Overlord  
  37  3:37  Overlord, Extractor  
  36  3:45  Drone x4  
  40  3:49  Extractor  
  39  3:56  Evolution Chamber  
  39  3:59  Roach Warren, Drone x3  
  40  4:09  Drone x5  
  45  4:16  Lair  
  45  4:19  Drone  
  45  4:20  Drone  
  47  4:28  Drone x3  
  47  4:31  Zerg Melee Weapons Level 1  
  50  4:38  Drone x4  
  50  4:41  Extractor  
  50  4:42  Metabolic Boost  
  53  4:47  Overlord  
  53  4:50  Overlord  
  53  4:59  Evolution Chamber  
  52  5:02  Hatchery  
  51  5:08  Drone x2  
  53  5:20  Overlord  
  53  5:24  Drone x2  
  53  5:25  Spire  
  53  5:28  Drone x3  
  57  5:34  Zergling x8  
  61  5:40  Zergling x6  
  61  5:41  Zergling x2  
  65  5:48  Zergling x8  
  69  6:07  Hatchery  
  69  6:13  Overlord  
  69  6:19  Overlord  
  69  6:21  Zergling x2  
  69  6:22  Zergling x8  
  69  6:24  Overlord  
  69  6:25  Overlord, Hatchery  
  69  6:41  Mutalisk x7  
  80  6:50  Mutalisk x4  
  87  7:01  Mutalisk  
  87  7:07  Extractor  
  87  7:08  Extractor  
  84  7:26  Mutalisk x3  
  84  7:28  Drone x6  
  96  7:36  Zerg Flyer Armor Level 1  
  96  7:37  Overlord  
  96  7:40  Drone x6  
  102  7:50  Mutalisk  
  104  7:53  Overlord  
  104  7:54  Overlord x3  
  104  7:55  Extractor  
  103  7:58  Extractor  
  102  8:06  Mutalisk x3  
  102  8:08  Drone x3  
  102  8:09  Drone  
  111  8:15  Zergling x18  
  120  8:29  Mutalisk  
  120  8:30  Mutalisk x3  
  108  8:54  Mutalisk x5  
  117  9:00  Mutalisk  
  113  9:05  Drone x3  
  116  9:13  Zergling x2  
  116  9:14  Zergling x28  
  120  9:24  Mutalisk x3  
  120  9:28  Mutalisk  
  120  9:29  Mutalisk  
  130  9:33  Mutalisk  
  94  10:10  Infestation Pit  
Tags
 
Add a new tag
Caveats
  • Supply blocks, unpowered buildings, or Contaminate may cause inaccurate times.
  • Supply counts are checked every 10 seconds.